 Dungeon Crawl Stone Soup version 0.30-a0-883-g5ad918d77d (webtiles) character file.

Game seed: 15849312628311071053

4822 Ijustatesigmund the Magician (level 10, -1/74 HPs)
             Began as a Gnoll Fire Elementalist on Mar 16, 2023.
             Was a Believer of Lugonu.
             Slain by Erica
             ... wielding a +4 scimitar of flaming
              (2 damage)
             ... on level 8 of the Dungeon.
             The game lasted 00:24:03 (11511 turns).

Ijustatesigmund the Magician (GnFE)                Turns: 11511, Time: 00:24:05

Health: -1/74      AC:  5    Str:  7    XL:     10   Next: 48%
Magic:  21/21      EV: 15    Int: 19    God:    Lugonu [**....]
Gold:   380        SH:  0    Dex: 13    Spells: 18/24 levels left

rFire   . . .      SeeInvis .    e - +1 long sword (vamp)
rCold   + . .      Faith    .    (no shield)
rNeg    . . .      Spirit   .    a - +0 robe
rPois   .          Reflect  .    (no helmet)
rElec   .          Rampage  .    (no cloak)
rCorr   .                        c - +0 pair of gloves
Will    +....                    f - +0 pair of boots
Stlth   ++++                     g - amulet of the Shouting Messenger {Acrobat rC+ Regen+ Stlth+}
HPRegen 1.12/turn                i - ring of willpower
MPRegen 0.17/turn                q - +4 ring of slaying

@: lethally poisoned (-1 -> -5)
A: fangs 1, strong nose, distributed training
a: Renounce Religion, Depart the Abyss, Banish


You were on level 8 of the Dungeon.
You worshipped Lugonu.
Lugonu was pleased with you.
You visited 1 branch of the dungeon, and saw 8 of its levels.
You visited the Abyss 1 time.

You collected 438 gold pieces.
You spent 58 gold pieces at shops.

Inventory:

Hand Weapons
 e - a +1 vampiric long sword (weapon)
 w - a +4 war axe
Missiles
 m - 2 throwing nets
Armour
 a - a +0 robe (worn)
 c - a +0 pair of gloves (worn)
 f - a +0 pair of boots (worn)
 C - the +5 ring mail "Saolemeu" {Dex+3}
   (You found it on level 7 of the Dungeon)

   Dex:       It affects your dexterity (+3).
Jewellery
 g - the amulet of the Shouting Messenger (around neck) {Acrobat rC+ Regen+ Stlth+}
   (You acquired it on level 3 of the Dungeon)

   [amulet of the acrobat]

   It increases your evasion while moving and waiting.
   rC:        It protects you from cold.
   Regen:     It increases your rate of health regeneration.
   Stlth:     It makes you more stealthy.
 i - a ring of willpower (left hand)
 q - a +4 ring of slaying (right hand)
 y - a ring of protection from cold
Wands
 l - a wand of flame (9)
 r - a wand of mindburst (10)
 s - a wand of polymorph (10)
 u - a wand of iceblast (4)
 z - a wand of quicksilver (4)
Scrolls
 n - 2 scrolls of teleportation
 t - a scroll of identify
Potions
 b - 2 potions of magic
 d - 3 potions of heal wounds
 h - a potion of cancellation
 j - 3 potions of curing
 k - 2 potions of brilliance
 o - 3 potions of resistance
 p - 2 potions of haste {unknown}
 v - 2 potions of might {unknown}
 x - a potion of mutation {unknown}
 A - a potion of lignification {unknown}
 B - a potion of flight {unknown}
 D - a potion of ambrosia {unknown}


   Skills:
 + Level 5.5 Fighting
 + Level 5.5 Short Blades
 + Level 5.5 Long Blades
 + Level 5.5 Axes
 + Level 5.5 Maces & Flails
 + Level 5.5 Polearms
 + Level 5.5 Staves
 + Level 5.5 Ranged Weapons
 + Level 5.5 Throwing
 + Level 5.5 Armour
 + Level 7.2 Dodging
 + Level 7.0 Stealth
 + Level 5.5 Shields
 + Level 5.5 Unarmed Combat
 + Level 7.5 Spellcasting
 + Level 5.1 Conjurations
 + Level 4.5 Hexes
 + Level 4.5 Summonings
 + Level 4.5 Necromancy
 + Level 4.5 Translocations
 + Level 4.5 Transmutations
 + Level 7.2 Fire Magic
 + Level 4.5 Ice Magic
 + Level 4.5 Air Magic
 + Level 4.5 Earth Magic
 + Level 4.5 Poison Magic
 + Level 6.1 Invocations
 + Level 5.5 Evocations


You had 18 spell levels left.
You knew the following spells:

 Your Spells              Type           Power      Damage    Failure   Level
a - Foxfire               Conj/Fire      100%       2x1d9     1%          1
b - Scorch                Fire           68%        2d8       1%          2
c - Stone Arrow           Conj/Erth      50%        3d10      4%          3

Your spell library contained the following spells:

 Spells                   Type           Power      Damage    Failure   Level
 Sandblast                Erth           48%        2d12      1%          1
 Slow                     Hex            96%        N/A       1%          1
 Ensorcelled Hibernation  Hex/Ice        48%        N/A       2%          2
 Passwall                 Tmut/Erth      20%        N/A       2%          2
 Inner Flame              Hex/Fire       29%        N/A       2%          3
 Ignite Poison            Fire/Tmut/Pois 27%        N/A       3%          3
 Kindle Blastsparks       Fire/Tloc/Air  54%        2d14      3%          3
 Confusing Touch          Hex            24%        N/A       4%          3
 Swiftness                Air            24%        N/A       4%          3
 Vampiric Draining        Necr           24%        2d7       4%          3
 Flame Wave               Conj/Fire      30%        2d9       8%          4
 Freezing Cloud           Conj/Ice/Air   12%        6-21      36%         5
 Conjure Ball Lightning   Conj/Air       12%        3x3d6     90%         6
 Discord                  Hex            12%        N/A       100%        8
 Disjunction              Tloc           12%        N/A       100%        8


Dungeon Overview and Level Annotations

Branches:
Dungeon (8/15)             Temple (0/1) D:7
   Lair: D:8-11

Altars:
Okawaru
Vehumet

Shops:
D:3 [

Annotations:
D:7 3 runed translucent doors, ho4mwr's ghost, novice SpEn
D:8 Erica
Abyss:1 Joseph


Innate Abilities, Weirdness & Mutations

You have very sharp teeth.
Your uncanny sense of smell can sniff out nearby items.
Your experience applies equally to all skills.


Message History

The foxfire hits Erica!
Erica is moderately wounded.
Erica gestures wildly while chanting.
Erica flickers and vanishes!
Deactivating autopickup; reactivate with Ctrl-A.
The foxfire hits something.
Okay, then.
A bullfrog comes into view.
You hear a zap.
Something tries to affect you, but you resist.
Okay, then.
Something tries to affect you, but you resist.
The bullfrog croaks.
The bullfrog barely misses you.
The bullfrog releases a deep croak.
The bullfrog misses you.
You slash the bullfrog!
The bullfrog is severely wounded.
The bullfrog barely misses you.
You slash the bullfrog!
You kill the bullfrog!
Lugonu accepts your kill.
You see here a bullfrog corpse.
Something hits you! Something burns you.
You barely miss something. You bite something. Something closely misses you.
You hit something.
You feel better.
Your punch misses something. Something hits you! Something burns you!
You barely miss something. Your bite misses something.
You hear some strange, mumbled words.
A bolt of poison appears from out of thin air!
The bolt of poison hits you!!
You are poisoned.
* * * LOW HITPOINT WARNING * * *
You miss something.
* * * LOW HITPOINT WARNING * * *
You feel very sick. Something hits you!
* * * LOW HITPOINT WARNING * * *
Something burns you.
You die...

≈≈≈.≈.')))................
....≈.#)..................
≈≈≈≈≈.#....................
......#.....................
............................
............................
............................
............................
...............†@{..........
...........#######..........
>.........## ∆ ∆∆##.........
#+##+##. ##........ ∆
∆#........ #........
#........ #........
#........


There were no monsters in sight!

Vanquished Creatures
  Pikel (D:7)
  The ghost of paps the Slasher, an amateur DsGl (D:3)
  Eustachio (D:4)
  A steam dragon (D:7)
  Duvessa (D:6)
  An orc warrior (D:8)
  4 black bears (D:5)
  A sky beast (D:6)
  2 ogres
  2 centaurs
  3 lemures (D:7)
  3 phantoms
  2 kobold brigands
  Blork the orc (D:6)
  6 bullfrogs
  3 scorpions (D:6)
  5 wights (D:6)
  Dowan (D:6)
  5 killer bees (D:8)
  An electric eel (D:6)
  2 howler monkeys
  A crimson imp (Abyss:1)
  5 jellies
  4 hounds
  3 orc priests
  8 orc wizards
  5 iguanas
  A sleepcap (D:7)
  Robin (D:4)
  5 adders
  2 shadow imps
  A white imp (D:7)
  3 ufetubi
  4 worms
  2 dart slugs
  14 orcs
  8 bats
  13 endoplasms
  6 giant cockroaches
  10 goblins
  11 hobgoblins
  3 jackals (D:1)
  17 kobolds
  6 quokkas
  9 ball pythons
  4 frilled lizards
  5 rats
  A butterfly (D:7)
199 creatures vanquished.

Vanquished Creatures (collateral kills)
  2 foxfires (D:1)
2 creatures vanquished.

Vanquished Creatures (others)
  499 foxfires
  A fungus (D:3)
  3 plants (D:3)
503 creatures vanquished.

Grand Total: 704 creatures vanquished

Notes
Turn   | Place    | Note
-------+----------+-------------------------------------------
     0 | D:1      | Ijustatesigmund the Gnoll Fire Elementalist began the quest
                  | for the Orb.
     0 | D:1      | Reached XP level 1. HP: 13/13 MP: 6/6
   199 | D:1      | Reached XP level 2. HP: 19/19 MP: 5/7
   208 | D:1      | Learned a level 2 spell: Scorch
  1005 | D:1      | Reached skill level 5 in Spellcasting
  1005 | D:1      | Reached XP level 3. HP: 25/25 MP: 5/9
  1359 | D:2      | Reached skill level 1 in Invocations
  1889 | D:2      | Reached skill level 1 in Fighting
  1889 | D:2      | Reached skill level 1 in Short Blades
  1889 | D:2      | Reached skill level 1 in Long Blades
  1889 | D:2      | Reached skill level 1 in Axes
  1889 | D:2      | Reached skill level 1 in Maces & Flails
  1889 | D:2      | Reached skill level 1 in Polearms
  1889 | D:2      | Reached skill level 1 in Staves
  1889 | D:2      | Reached skill level 1 in Ranged Weapons
  1889 | D:2      | Reached skill level 1 in Throwing
  1889 | D:2      | Reached skill level 1 in Armour
  1889 | D:2      | Reached skill level 1 in Shields
  1889 | D:2      | Reached skill level 1 in Unarmed Combat
  1889 | D:2      | Reached skill level 1 in Evocations
  1949 | D:2      | Reached XP level 4. HP: 22/32 MP: 1/11
  2417 | D:2      | Reached skill level 1 in Hexes
  2417 | D:2      | Reached skill level 1 in Summonings
  2417 | D:2      | Reached skill level 1 in Necromancy
  2417 | D:2      | Reached skill level 1 in Translocations
  2417 | D:2      | Reached skill level 1 in Transmutations
  2417 | D:2      | Reached skill level 1 in Ice Magic
  2417 | D:2      | Reached skill level 1 in Air Magic
  2417 | D:2      | Reached skill level 1 in Earth Magic
  2417 | D:2      | Reached skill level 1 in Poison Magic
  2917 | D:3      | Found Boeckiss's Armour Emporium.
  2942 | D:3      | Bought a +0 pair of gloves for 58 gold pieces
  3040 | D:3      | Identified a scroll of acquirement
  3040 | D:3      | Acquired the amulet of the Shouting Messenger {Acrobat rC+
                  | Regen+ Stlth+}
  3064 | D:3      | Found a runed translucent gate.
  3064 | D:3      | Found a runed translucent gate.
  3065 | D:3      | Noticed a kobold brigand
  3068 | D:3      | Found a runed translucent gate.
  3069 | D:3      | Noticed paps's ghost (amateur DsGl)
  3244 | D:3      | Learned a level 3 spell: Stone Arrow
  3328 | D:3      | Reached XP level 5. HP: 29/37 MP: 8/12
  4098 | D:4      | Noticed Eustachio
  4346 | D:4      | Noticed an ogre
  4445 | D:4      | Killed an ogre
  4446 | D:4      | Reached skill level 5 in Dodging
  4446 | D:4      | Reached XP level 6. HP: 44/44 MP: 8/14
  4655 | D:4      | Noticed Robin
  4676 | D:4      | Killed Robin
  5271 | D:4      | Killed Eustachio
  5272 | D:4      | Reached XP level 7. HP: 51/51 MP: 9/15
  5513 | D:5      | Entered Level 5 of the Dungeon
  5688 | D:5      | Reached skill level 5 in Stealth
  6506 | D:5      | Reached XP level 8. HP: 54/58 MP: 9/16
  7356 | D:5      | You fall into a shaft and drop 2 floors!
  7394 | D:7      | Found a runed translucent gate.
  7821 | D:6      | HP: 2/50 [wight/+5 hand axe (1)]
  7831 | D:6      | Reached XP level 9. HP: 14/57 MP: 6/18
  8769 | D:6      | Noticed Blork the orc
  8787 | D:6      | Killed Blork the orc
  9130 | D:6      | Noticed Duvessa
  9138 | D:6      | Killed Duvessa
  9237 | D:6      | Noticed Dowan
  9272 | D:6      | Killed Dowan
  9663 | D:6      | Reached skill level 5 in Invocations
 10019 | D:7      | Found a runed translucent gate.
 10021 | D:7      | Found a runed translucent gate.
 10023 | D:7      | Noticed ho4mwr's ghost (novice SpEn)
 10025 | D:7      | Noticed a manticore
 10284 | D:7      | Noticed Pikel
 10294 | D:7      | Killed Pikel
 10295 | D:7      | Reached skill level 5 in Fighting
 10295 | D:7      | Reached skill level 5 in Short Blades
 10295 | D:7      | Reached skill level 5 in Long Blades
 10295 | D:7      | Reached skill level 5 in Axes
 10295 | D:7      | Reached skill level 5 in Maces & Flails
 10295 | D:7      | Reached skill level 5 in Polearms
 10295 | D:7      | Reached skill level 5 in Staves
 10295 | D:7      | Reached skill level 5 in Ranged Weapons
 10295 | D:7      | Reached skill level 5 in Throwing
 10295 | D:7      | Reached skill level 5 in Armour
 10295 | D:7      | Reached skill level 5 in Shields
 10295 | D:7      | Reached skill level 5 in Unarmed Combat
 10295 | D:7      | Reached skill level 5 in Evocations
 10295 | D:7      | Reached XP level 10. HP: 74/74 MP: 16/20
 10485 | D:7      | Identified the +5 ring mail "Saolemeu" {Dex+3}
 10645 | D:7      | Found a staircase to the Ecumenical Temple.
 10807 | Abyss:1  | Cast into level 1 of the Abyss (kobold brigand)
 10842 | Abyss:1  | Noticed an orange demon
 10849 | Abyss:1  | Found a corrupted altar of Lugonu.
 10863 | Abyss:1  | Noticed an Executioner
 10865 | Abyss:1  | Found a corrupted altar of Lugonu.
 10868 | Abyss:1  | Noticed a wretched star
 10870 | Abyss:1  | Became a worshipper of Lugonu the Unformed
 10870 | Abyss:1  | Reached * piety under Lugonu
 10870 | Abyss:1  | Reached ** piety under Lugonu
 10871 | D:3      | Escaped the Abyss
 10896 | D:3      | Killed paps's ghost
 11159 | D:8      | Found an iron altar of Okawaru.
 11348 | D:8      | Found a radiant altar of Vehumet.
 11359 | D:8      | Noticed Joseph
 11368 | D:8      | Banished Joseph
 11369 | D:8      | Reached skill level 5 in Conjurations
 11486 | D:8      | Noticed Erica
 11511 | D:8      | HP: 1/74 [something (7)]
 11511 | D:8      | Slain by Erica

Illustrated notes

Levels and vault maps discovered:
D:1:      matt_arrival_los_fun, layout_loops_ring, dreamdust_mushroom_princess,
          chequers_serial_rivers_room_b
D:2:      minmay_chambers_of_twos, layout_loops_corners
D:3:      layout_basic, serial_shops, shop, gammafunk_ghost_nasty_kobolds,
          minmay_misc_feat_secret_circle
D:4:      layout_basic, uniq_eustachio, uniq_robin
D:5:      layout_layer_cave
D:6:      layout_rooms, serial_bayou_ford_a, uniq_duvessa, uniq_blork_the_orc
D:7:      layout_rooms, minmay_temple_entry_butterflies, gammafunk_ghost_split,
          uniq_pikel
D:8:      layout_gridville, mainiacjoe_overflow_catwalk_spiral,
          gammafunk_ghost_cemetery, nicolae_looking_at_the_future, uniq_joseph,
          uniq_erica

Skill      XL: |  1  2  3  4  5  6  7  8  9 10 |
---------------+-------------------------------+-----
Conjurations   | 2 3 4 5 |  5.1
Spellcasting   | 5 6 7 |  7.5
Invocations    | 1 2 3 4 5 6 |  6.1
Fighting       | 1 2 3 5 |  5.5
Short Blades   | 1 2 3 5 |  5.5
Long Blades    | 1 2 3 5 |  5.5
Axes           | 1 2 3 5 |  5.5
Maces & Flails | 1 2 3 5 |  5.5
Polearms       | 1 2 3 5 |  5.5
Staves         | 1 2 3 5 |  5.5
Ranged Weapons | 1 2 3 5 |  5.5
Throwing       | 1 2 3 5 |  5.5
Armour         | 1 2 3 5 |  5.5
Shields        | 1 2 3 5 |  5.5
Unarmed Combat | 1 2 3 5 |  5.5
Evocations     | 1 2 3 5 |  5.5
Hexes          | 1 2 3 4 |  4.5
Summonings     | 1 2 3 4 |  4.5
Necromancy     | 1 2 3 4 |  4.5
Translocations | 1 2 3 4 |  4.5
Transmutations | 1 2 3 4 |  4.5
Ice Magic      | 1 2 3 4 |  4.5
Air Magic      | 1 2 3 4 |  4.5
Earth Magic    | 1 2 3 4 |  4.5
Poison Magic   | 1 2 3 4 |  4.5
Dodging        | 5 6 7 |  7.2
Stealth        | 5 6 7 |  7.0
Fire Magic     | 6 7 |  7.2

Action                     |  1- 3 |  4- 6 |  7- 9 | 10-12 || total
---------------------------+-------+-------+-------+-------++-------
  Melee: Hand axe          |     7 |       |       |       ||     7
         Bite              |     2 |     2 |     4 |     5 ||    13
         Long sword        |     3 |    20 |    54 |    80 ||   157
         Punch             |       |       |     3 |     2 ||     5
   Cast: Foxfire           |    78 |    95 |   106 |    20 ||   299
         Scorch            |     8 |    22 |    25 |     4 ||    59
         Stone Arrow       |       |     1 |    24 |     8 ||    33
 Invoke: Depart the Abyss  |       |       |       |     1 ||     1
         Banish            |       |       |       |     1 ||     1
  Evoke: Wand              |       |     5 |     9 |     5 ||    19
    Use: Scroll            |       |     9 |    10 |     1 ||    20
   Stab: Sleeping          |     1 |     1 |       |     1 ||     3
 Armour: Robe              |     4 |     7 |    12 |    21 ||    44
  Dodge: Dodged            |    37 |    50 |    99 |    81 ||   267

Table legend: (Time is in decaauts)
 A = Elapsed time spent in this place.
 B = Non-inter-level travel time spent in this place.
 C = Inter-level travel time spent in this place.
 D = Time resting spent in this place.
 E = Time spent auto-exploring this place.
 F = Levels seen in this place.
 G = Mean time per level.
                   A        B        C        D        E       F      G
               +--------+--------+--------+--------+--------+-----+--------+
         Total |  11551 |  11281 |    270 |   4005 |   5602 |   9 | 1283.4 |
       Dungeon |  11487 |  11217 |    270 |   3998 |   5585 |   8 | 1435.9 |
         Abyss |     63 |     63 |      0 |      7 |     17 |   1 |   63.0 |
               +--------+--------+--------+--------+--------+-----+--------+

Top non-repeatable levels by time:
     D:5: 2542 daAuts
     D:6: 1801 daAuts
     D:4: 1785 daAuts
     D:2: 1499 daAuts
     D:1: 1359 daAuts
     D:3: 1108 daAuts
     D:7: 992 daAuts
     D:8: 397 daAuts
 Abyss:1: 63 daAuts
